 Dungeon Crawl Stone Soup version 0.32-a0-290-g598725c5f2 (webtiles) character file.

Game seed: 9099143408306523783

5406 Narqulie the Protected (level 10, -7/129 HPs)
             Began as a Minotaur Fighter on Feb 13, 2024.
             Was a Believer of Okawaru.
             Killed from afar by a wretched star (25 damage)
             ... with a lance of force
             ... on level 1 of the Abyss.
             The game lasted 00:23:19 (7625 turns).

Narqulie the Protected (Minotaur Fighter)           Turns: 7625, Time: 00:23:19

Health: -7/129     AC: 19    Str: 20      XL:     10   Next: 40%
Magic:  9/9        EV:  5    Int:  5      God:    Okawaru [**....]
Gold:   458        SH: 13    Dex:  9 (11) Spells: 9/9 levels left

rFire   . . .        s - +3 whip (venom)
rCold   x x .        D - +0 tower shield
rNeg    . . .        t - +1 plate armour
rPois   .            (helmet restricted)
rElec   .            (no cloak)
rCorr   .            (no gloves)
SInv    .            (no boots)
Will    +....        o - amulet of regeneration
Stlth   x              - ring of flight
HPRegen 2.01/turn    b - +4 ring of protection
MPRegen 0.11/turn

%: random rage (9%)
@: berserking (expiring), flying, very quick
A: horns 2, retaliatory headbutt, strong-willed 1, regeneration 1, [berserk 2],
[weak 2], [cold vulnerability 2]
a: Renounce Religion, Heroism


You were on level 1 of the Abyss.
You worshipped Okawaru.
Okawaru was pleased with you.
You visited 2 branches of the dungeon, and saw 9 of its levels.
You visited the Abyss 1 time.
You also visited: Sewer and Ossuary.

You collected 458 gold pieces.

Inventory:

Hand Weapons
 s - a +3 whip of venom (weapon)
Armour
 t - a +1 plate armour (worn)
 D - a +0 tower shield (worn)
Jewellery
 b - a +4 ring of protection (right hand)
 o - an amulet of regeneration (around neck)
 p - a ring of willpower
 x - a ring of flight (left hand)
Talismans
 a - a flux talisman
 q - a talisman of death
Wands
 r - a wand of digging (3)
 v - a wand of paralysis (16)
Scrolls
 f - 8 scrolls of identify
 h - 5 scrolls of teleportation
 i - 4 scrolls of immolation
 l - a scroll of enchant weapon
 m - 4 scrolls of poison
 n - a scroll of fog
 C - a scroll of enchant armour
Potions
 d - a potion of invisibility
 e - 3 potions of degeneration
 g - 2 potions of mutation
 j - a potion of might
 k - 2 potions of brilliance
 w - 2 potions of curing
 A - a potion of haste


   Skills:
 + Level 7.5 Fighting
 + Level 7.4 Long Blades
 + Level 9.9 Maces & Flails
 + Level 10.4 Armour
 + Level 3.7 Dodging
 + Level 1.4 Stealth
 + Level 6.9 Shields


You had 9 spell levels left.
You didn't know any spells.
Your spell library contained the following spells:

 Spells                   Type           Power      Damage    Failure   Level
 Magic Dart               Conj           0%         1d3       100%        1
 Sting                    Conj/Alch      0%         1d3       100%        1
 Blink                    Tloc           0%         N/A       100%        2
 Mercury Vapours          Alch/Air       0%         N/A       100%        2
 Static Discharge         Conj/Air       0%         3-3/arc   100%        2
 Sublimation of Blood     Necr           0%         N/A       100%        2
 Inner Flame              Hex/Fire       0%         N/A       100%        3
 Airstrike                Air            0%         2d(0-16)  100%        4
 Flame Wave               Conj/Fire      0%         2d4       100%        4
 Olgreb's Toxic Radiance  Alch           0%         N/A       100%        4
 Sticky Flame             Fire/Alch      0%         2d4       100%        4
 Orb of Destruction       Conj           0%         9d5       100%        7
 Call Imp                 Summ           Unusable   N/A       N/A         2
 Summon Blazeheart Golem  Fire/Summ      Unusable   N/A       N/A         4
 Summon Lightning Spire   Summ/Air       Unusable   N/A       N/A         4
 Malign Gateway           Summ/Tloc      Unusable   N/A       N/A         7
 Spellforged Servitor     Conj/Summ      Unusable   N/A       N/A         7
 Summon Hydra             Summ           Unusable   N/A       N/A         7
 Summon Horrible Things   Summ           Unusable   N/A       N/A         8

Dungeon Overview and Level Annotations

Branches:
Dungeon (8/15)             Temple (1/1) D:6           Sewer (visited)
Ossuary (visited)
   Lair: D:8-11

Altars:
Ashenzari
Cheibriados
Dithmenos
Elyvilon
Fedhas
Gozag
Hepliaklqana
Nemelex Xobeh
Okawaru
Qazlal
Ru
Sif Muna
Uskayaw
Wu Jian
Xom
Yredelemnul
Zin
The Shining One

Shops:
D:6 *

Annotations:
D:8 Prince Ribbit


Innate Abilities, Weirdness & Mutations

You have a pair of horns on your head.
You reflexively headbutt those who attack you in melee.
You are strong-willed. (Will+)
Your natural rate of healing is unusually fast.
[You have an uncontrollable temper.]
[You are very weak. (Str -4)]
[You are very vulnerable to cold. (rC--)]


Message History

The wretched star pulses with an eldritch light!
You feel weaker. x2
You closely miss the wretched star. You headbutt the wretched star.
The wretched star is moderately damaged.
You whack the wretched star!
The wretched star is heavily damaged.
The wretched star glows turbulently.
The lance of force hits you but does no damage.
You closely miss the wretched star. You headbutt the wretched star.
The wretched star is heavily damaged.
You whack the wretched star! Your headbutt misses the wretched star.
The wretched star is severely damaged.
You hit the wretched star. Your headbutt misses the wretched star.
The wretched star is severely damaged.
You whack the wretched star!
The wretched star is almost destroyed.
The wretched star glows turbulently.
The lance of force hits you!!
You are knocked back by the lance of force.
You slam into the rock wall!
* * * LOW HITPOINT WARNING * * *
You barely miss the wretched star.
The wretched star is almost destroyed.
The wretched star glows turbulently.
The lance of force hits you.
* * * LOW HITPOINT WARNING * * *
You are knocked back by the lance of force.
You slam into the rock wall!
* * * LOW HITPOINT WARNING * * *
You barely miss the wretched star.
The wretched star is almost destroyed.
You barely miss the wretched star.
The wretched star is almost destroyed.
You closely miss the wretched star.
The wretched star is almost destroyed.
You barely miss the wretched star.
The wretched star is almost destroyed.
The wretched star glows turbulently.
The lance of force hits you!!
You die...

### # # # ###
.# # # .. ..#
.. # ####.# .
..# .# # ###.
. .# ####.#
.. . .....
......#.##.#.
. # . ##
##........# #
####
#.#.####*##
#..
#.##.....@# .
#.
...##.######
. .. .. # ###
## # #. . # .
## ## .. #.


You could see a wretched star.

Vanquished Creatures
  Pikel (D:4)
  The ghost of Drangen the Geomancer, a novice GrEE of Vehumet (D:7)
  A worldbinder (Abyss:1)
  An eye of devastation (Abyss:1)
  A hornet (D:7)
  Grinder (Sewer)
  A spriggan (D:8)
  4 yaks (D:8)
  A water moccasin (D:5)
  An orc warrior (D:7)
  2 ice beasts
  3 sky beasts
  A black bear (D:6)
  A centaur (D:4)
  A weeping skull (Ossuary)
  A lemure (D:4)
  A phantom (D:6)
  2 kobold brigands (Sewer)
  4 bullfrogs
  2 elf zombies (Ossuary)
  A scorpion (D:5)
  A necrophage (Sewer)
  2 burial acolytes (Ossuary)
  A howler monkey (D:7)
  A bombardier beetle (D:4)
  A centaur zombie (Ossuary)
  A jelly (D:5)
  A human zombie (Ossuary)
  An orc priest (D:5)
  4 hounds
  4 iguanas
  5 orc wizards
  3 sleepcaps
  4 hound zombies (Ossuary)
  2 mummies (Ossuary)
  3 gnolls (D:4)
  12 adders
  2 white imps
  6 ufetubi
  2 dart slugs (D:3)
  2 ribbon worms
  12 orcs
  7 ball pythons
  10 endoplasms
  2 giant cockroaches
  3 gnoll zombies (Ossuary)
  9 goblins
  9 hobgoblins
  7 jackals
  23 kobolds
  3 quokkas
  7 bats
  A frilled lizard (D:2)
  3 orc zombies (Ossuary)
  8 rats
194 creatures vanquished.

Vanquished Creatures (others)
  An orc wizard (D:7)
1 creature vanquished.

Grand Total: 195 creatures vanquished

Notes
Turn   | Place    | Note
-------+----------+-------------------------------------------
     0 | D:1      | Narqulie the Minotaur Fighter began the quest for the Orb.
     0 | D:1      | Reached XP level 1. HP: 19/19 MP: 0/0
    42 | D:1      | Reached XP level 2. HP: 21/27 MP: 1/1
   141 | D:1      | Reached skill level 4 in Armour
   269 | D:1      | Reached XP level 3. HP: 33/33 MP: 2/2
   958 | D:2      | Reached XP level 4. HP: 34/41 MP: 3/3
  1571 | D:3      | Found a shimmering altar of Xom.
  1728 | D:3      | Found a snail-covered altar of Cheibriados.
  1745 | D:3      | Reached skill level 1 in Dodging
  1745 | D:3      | Reached XP level 5. HP: 47/47 MP: 4/4
  1892 | D:3      | Found a glowing drain.
  1903 | Sewer    | Entered a sewer
  2053 | Sewer    | Found an ancient bone altar of Kikubaaqudgha.
  2075 | Sewer    | Gained mutation: You are strong-willed. (Will+) [potion of
                  | mutation]
  2075 | Sewer    | Gained mutation: Your natural rate of healing is unusually
                  | fast. [potion of mutation]
  2075 | Sewer    | HP: 2/47 [kobold brigand/+2 vampiric dagger (6)]
  2083 | Sewer    | Reached skill level 5 in Armour
  2087 | Sewer    | Reached XP level 6. HP: 16/55 MP: 5/5
  2125 | Sewer    | Noticed Grinder
  2143 | Sewer    | Killed Grinder
  2144 | Sewer    | Reached skill level 5 in Fighting
  2144 | Sewer    | Reached skill level 5 in Long Blades
  2144 | Sewer    | Reached skill level 5 in Shields
  2205 | Sewer    | Reached XP level 7. HP: 48/61 MP: 6/6
  2256 | Sewer    | Reached skill level 6 in Armour
  2781 | D:4      | Found a glowing golden altar of the Shining One.
  2785 | D:4      | Found a transporter.
  2790 | D:4      | Noticed Pikel
  2816 | D:4      | Killed Pikel
  2817 | D:4      | Reached skill level 7 in Armour
  2817 | D:4      | Reached XP level 8. HP: 24/70 MP: 7/7
  3333 | D:4      | Found a sparkling altar of Nemelex Xobeh.
  3511 | D:4      | Found a transporter.
  4030 | D:4      | Reached skill level 1 in Stealth
  4131 | D:5      | Entered Level 5 of the Dungeon
  4192 | D:5      | Reached skill level 1 in Maces & Flails
  4919 | D:5      | Reached skill level 8 in Armour
  5069 | D:6      | Found Zin's Purification Station.
  5082 | D:6      | Found a glowing silver altar of Zin.
  5288 | D:6      | Reached XP level 9. HP: 77/77 MP: 8/8
  5369 | D:6      | Reached skill level 5 in Maces & Flails
  5411 | D:6      | Found a staircase to the Ecumenical Temple.
  6149 | D:7      | Found a blossoming altar of Fedhas.
  6272 | D:7      | Reached skill level 9 in Armour
  6346 | D:7      | Found a sand-covered staircase.
  6381 | Ossuary  | Entered an ossuary
  6445 | Ossuary  | Found an ancient bone altar of Kikubaaqudgha.
  6958 | Temple   | Entered the Ecumenical Temple
  6973 | Temple   | Became a worshipper of Warmaster Okawaru
  7082 | D:7      | Found a runed translucent door.
  7087 | D:7      | Noticed Drangen's ghost (novice GrEE)
  7142 | D:7      | Found a shimmering blue altar of Sif Muna.
  7228 | D:7      | Killed Drangen's ghost
  7228 | D:7      | Reached * piety under Okawaru
  7229 | D:7      | Reached XP level 10. HP: 86/86 MP: 9/9
  7327 | D:8      | Found a hazy altar of Hepliaklqana.
  7404 | D:8      | Reached skill level 10 in Armour
  7434 | D:8      | Noticed Prince Ribbit
  7462 | D:8      | Found a sacrificial altar of Ru.
  7486 | Abyss:1  | Found a corrupted altar of Lugonu.
  7486 | Abyss:1  | Cast into level 1 of the Abyss (orc)
  7538 | Abyss:1  | Noticed a worldbinder
  7544 | Abyss:1  | Noticed a bog body
  7550 | Abyss:1  | Killed a worldbinder
  7557 | Abyss:1  | Noticed an eye of devastation
  7574 | Abyss:1  | Killed an eye of devastation
  7574 | Abyss:1  | Reached ** piety under Okawaru
  7602 | Abyss:1  | Noticed a wretched star
  7625 | Abyss:1  | Killed from afar by a wretched star

Illustrated notes

Levels and vault maps discovered:
D:1:      scummos_arrival_forest, layout_loops_ring
D:2:      layout_basic, serial_bayou_lagoon_a, nrook_mini_vaults
D:3:      layout_rooms, mainiacjoe_overflow_surrounded_room, xom_teletrap_fun,
          portal_sewer_entry_d
D:4:      layout_layer_cave, gammafunk_temple_overflow_arena, lemuel_tele_altar,
          uniq_pikel
D:5:      layout_gridville
D:6:      layout_loops_ring, zin_purify, minmay_temple_entry_butterflies,
          due_unseen_surprise
D:7:      layout_cave_pools, led_sif_book, fedhas_altar_fruit_tree,
          chequers_ossuary_entry_cave, ebering_ghost_reflecting_pool,
          kennysheep_generic_room_13
D:8:      layout_loops_cross, nicolae_ru_sacrificial_ziggurat,
          mainiacjoe_overflow_24_doors, nicolae_overflow_hidden_temple,
          the_hattery, uniq_grum, uniq_prince_ribbit1
Temple:   dpeg_three_leaves_temple
Abyss:1:  base:
D:8

Skill      XL: |  1  2  3  4  5  6  7  8  9 10 |
---------------+-------------------------------+-----
Shields        | 4 5 6 |  6.9
Armour         | 4 5 7 8 9 10 | 10.4
Fighting       | 4 5 6 7 |  7.5
Long Blades    | 3 4 5 6 7 |  7.4
Dodging        | 1 2 3 |  3.7
Stealth        | 1 |  1.4
Maces & Flails | 4 9 |  9.9

Action                     |  1- 3 |  4- 6 |  7- 9 | 10-12 || total
---------------------------+-------+-------+-------+-------++-------
  Melee: Long sword        |    87 |   121 |   107 |       ||   315
         Headbutt          |     6 |    16 |   105 |    27 ||   154
         Whip              |       |       |   340 |    96 ||   436
  Evoke: Wand              |       |       |     1 |       ||     1
    Use: Potion            |       |     3 |    15 |     2 ||    20
         Scroll            |       |       |     7 |     4 ||    11
   Stab: Invisible         |       |       |     2 |       ||     2
 Armour: Scale mail        |    57 |   107 |   109 |       ||   273
         Plate armour      |       |       |   198 |    59 ||   257
  Dodge: Dodged            |    42 |    59 |   166 |     7 ||   274
  Block: Buckler           |    22 |    35 |    86 |    11 ||   154
         Tower shield      |       |       |       |    15 ||    15

Table legend: (Time is in decaauts)
 A = Elapsed time spent in this place.
 B = Non-inter-level travel time spent in this place.
 C = Inter-level travel time spent in this place.
 D = Time resting spent in this place.
 E = Time spent auto-exploring this place.
 F = Levels seen in this place.
 G = Mean time per level.
                   A        B        C        D        E       F      G
               +--------+--------+--------+--------+--------+-----+--------+
         Total |   7624 |   7326 |    298 |    168 |   4699 |  12 |  635.3 |
       Dungeon |   6481 |   6184 |    297 |    155 |   4459 |   8 |  810.1 |
        Temple |     26 |     26 |      0 |      0 |      0 |   1 |   26.0 |
         Abyss |    127 |    127 |      0 |      0 |     47 |   1 |  127.0 |
         Sewer |    516 |    516 |      0 |     13 |    146 |   1 |  516.0 |
       Ossuary |    472 |    472 |      0 |      0 |     47 |   1 |  472.0 |
               +--------+--------+--------+--------+--------+-----+--------+

Top non-repeatable levels by time:
     D:4: 1481 daAuts
     D:6: 999 daAuts
     D:1: 869 daAuts
     D:5: 866 daAuts
     D:2: 751 daAuts
     D:7: 708 daAuts
     D:3: 583 daAuts
   Sewer: 516 daAuts
 Ossuary: 472 daAuts
     D:8: 221 daAuts
 Abyss:1: 127 daAuts
  Temple: 26 daAuts
